 Dungeon Crawl Stone Soup version 0.19.5 (webtiles) character file.

32 tidbits the Skirmisher (level 3, -4/26 HPs)
             Began as a High Elf Fighter on Dec 12, 2017.
             Was an Initiate of Okawaru.
             Killed from afar by an orc (30 damage)
             ... with a wand of lightning
             ... on level 3 of the Dungeon.
             The game lasted 00:03:04 (392 turns).

tidbits the Skirmisher (High Elf Fighter)            Turns: 392, Time: 00:03:05

Health: -4/26      AC: 11    Str: 16    XL:     3   Next: 8%
Magic:  4/4        EV:  3    Int: 11    God:    Okawaru [......]
Gold:   30         SH:  9    Dex: 15    Spells: 0 memorised, 2 levels left

rFire  . . .     SeeInvis .     a - +0 long sword
rCold  . . .     Gourm    .     i - +0 plate armour
rNeg   . . .     Faith    .     c - +0 shield
rPois  .         Spirit   .     (no helmet)
rElec  .         Reflect  .     (no cloak)
rCorr  .         Harm     .     (no gloves)
MR     .....                    (no boots)
Stlth  ..........               (no amulet)
                                (no ring)
                                (no ring)

@: no status effects
A: no striking features
a: Renounce Religion


You were on level 3 of the Dungeon.
You worshipped Okawaru.
Okawaru was noncommittal.
You were not hungry.

You visited 1 branch of the dungeon, and saw 3 of its levels.

You collected 30 gold pieces.

Inventory:

Hand Weapons
 a - a +0 long sword (weapon)
 k - a +2 whip of electrocution
   (You found it on level 2 of the Dungeon)
Missiles
 g - 47 sling bullets
 j - 22 stones (quivered)
Armour
 b - a +0 scale mail
 c - a +0 shield (worn)
 i - a +0 plate armour (worn)
   (You found it on level 1 of the Dungeon)
Scrolls
 l - 2 scrolls of teleportation {unknown}
Potions
 d - a potion of might
 e - a potion of curing {unknown}
 h - a potion of mutation {unknown}
Comestibles
 f - 2 bread rations


   Skills:
 + Level 3.2 Fighting
 - Level 2.4 Long Blades
 - Level 2.6 Armour
 - Level 2.5 Dodging
 + Level 2.8 Shields


You had 2 spell levels left.
You didn't know any spells.

Dungeon Overview and Level Annotations

Branches:
Dungeon (3/15)

Altars:
Okawaru


Message History

You kill the rat!
Okawaru accepts your kill.
You hit the worm.
The worm is lightly wounded.
The worm bites you but does no damage.
You slash the worm!
The worm is heavily wounded.
You block the worm's attack.
You hit the worm.
The worm is almost dead.
You hit the worm.
You kill the worm!
Okawaru accepts your kill.
You see here a mace.
HP restored.
Found a stone staircase leading down.
A hobgoblin comes into view.
There is a stone staircase leading down here.
There is a stone staircase leading down here.
You closely miss the hobgoblin.
The hobgoblin hits you but does no damage. x2
You slash the hobgoblin!
You kill the hobgoblin!
Okawaru accepts your kill.
You have reached level 3!
Your experience leads to an increase in your attributes!
Increase (S)trength, (I)ntelligence, or (D)exterity?
You feel stronger.
You feel agile.
You climb downwards.
There is a stone staircase leading up here.
A goblin comes into view.
The goblin shouts!
Your plate armour prevents you from hitting the goblin.
The goblin hits you.
You closely miss the goblin. The goblin barely misses you.
You block the goblin's attack.
You closely miss the goblin. The goblin hits you.
You hit the goblin.
The goblin is heavily wounded.
The goblin hits you but does no damage.
Your plate armour prevents you from hitting the goblin.
The goblin is heavily wounded.
The goblin hits you. You block the goblin's attack.
You closely miss the goblin.
The goblin is heavily wounded.
The goblin hits you but does no damage.
You closely miss the goblin.
The goblin is heavily wounded.
You block the goblin's attack. The goblin barely misses you.
You riposte.
You hit the goblin.
You kill the goblin!
Okawaru accepts your kill.
Found a stone staircase leading down.
HP restored.
An orc comes into view. It is wielding a whip.
The orc shouts!
The orc moves out of view.
An orc comes into view. It is wielding a hand axe.
An orc comes into view.
The orc shouts! x2
An orc comes into view. It is wielding a hand axe.
An adder comes into view.
The adder hisses angrily.
You closely miss the orc. You block the orc's attack.
You hit the orc.
The orc is moderately wounded.
The orc barely misses you.
You hit the orc but do no damage.
The orc is moderately wounded.
The orc hits you but does no damage. You block the orc's attack.
You closely miss the orc.
The orc is moderately wounded.
You block the orc's attack.
You hit the orc.
The orc is severely wounded.
The orc hits you but does no damage. x2
You hit the orc.
You kill the orc!
Okawaru accepts your kill.
You hit the orc.
The orc is heavily wounded.
The orc hits you but does no damage.
You hit the orc.
The orc is heavily wounded.
You block the orc's attack. The orc barely misses you.
You riposte.
You barely miss the orc.
The orc is heavily wounded.
Your plate armour prevents you from hitting the orc.
The orc is heavily wounded.
The orc zaps a wand.
The bolt of lightning misses you.
It is a wand of lightning.
Your shield and plate armour prevent you from hitting the orc.
The orc is heavily wounded.
You block the orc's attack.
You closely miss the orc.
The orc is heavily wounded.
You block the orc's attack.
The orc zaps a wand.
The bolt of lightning hits you!
Ouch! That really hurt!
You die...

#.# #.#.#
#.## #.#
#.#.# #.# #.#
#.#.######.##
#.#
#.#..........
#.#
#.########...
#.# #### #.#
#.########.
#oo@.......
#.########.
#... #...
#..o. #...o
#.S.o. #.. .#
..


You could see 2 orcs.

Vanquished Creatures
  An adder (D:2)
  A worm (D:2)
  An orc (D:3)
  4 goblins
  4 hobgoblins
  3 kobolds
  A frilled lizard (D:2)
  2 rats
17 creatures vanquished.

Notes
Turn   | Place    | Note
-------+----------+-------------------------------------------
     0 | D:1      | tidbits the High Elf Fighter began the quest for the Orb.
     0 | D:1      | Reached XP level 1. HP: 16/16 MP: 2/2
    31 | D:1      | Reached skill level 1 in Dodging
    85 | D:2      | Reached XP level 2. HP: 15/21 MP: 3/3
    97 | D:2      | Reached skill level 2 in Dodging
   112 | D:2      | Found an iron altar of Okawaru.
   124 | D:2      | Became a worshipper of Warmaster Okawaru
   295 | D:2      | Reached XP level 3. HP: 26/26 MP: 4/4
   392 | D:3      | Killed from afar by an orc

Skill      XL: |  1  2 |
---------------+-------+-----
Dodging        | 1 2 |  2.5
Fighting       | |  3.2
Long Blades    | |  2.4
Armour         | |  2.6
Shields        | |  2.8

Action                   || total
-------------------------++-------
Melee: Long sword        ||    70
Throw: Stone             ||     1
Armor: Scale mail        ||     7
       Plate armour      ||    27
Dodge: Dodged            ||    11
Block: Shield            ||    23
       Rpst.: Long sword ||     4

Table legend:
 A = Turns spent in this place as a percentage of turns spent in the entire game.
 B = Non-inter-level travel turns spent in this place as a percentage of non-inter-level travel turns spent in the entire game.
 C = Inter-level travel turns spent in this place as a percentage of turns spent in this place.
 D = Turns resting spent in this place as a percentage of non-inter-level travel turns spent in this place.
 E = Turns spent auto-exploring this place as a percentage of non-inter-level travel turns spent in this place.
 F = Non-inter-level travel turns spent in this place divided by the number of levels of this place that you've seen.
                   A       B       C       D       E      F
               +-------+-------+-------+-------+-------+----------------------
         Total | 100.0 | 100.0 |   0.0 |   0.0 |   0.0 | 113.0
       Dungeon | 100.0 | 100.0 |   0.0 |   0.0 |   0.0 | 113.0
               +-------+-------+-------+-------+-------+----------------------

Table legend:
 A = Kills in this place as a percentage of kills in entire the game.
 B = Kills by you in this place as a percentage of kills by you in the entire game.
 C = Kills by friends in this place as a percentage of kills by friends in the entire game.
 D = Other kills in this place as a percentage of other kills in the entire game.
 E = Experience gained in this place as a percentage of experience gained in the entire game.
 F = Experience gained in this place divided by the number of levels of this place that you have seen.
                   A       B       C       D       E      F
               +-------+-------+-------+-------+-------+----------------------
         Total | 100.0 | 100.0 |  -nan |  -nan | 100.0 |  15.3
       Dungeon | 100.0 | 100.0 |  -nan |  -nan | 100.0 |  15.3
               +-------+-------+-------+-------+-------+----------------------

Vault maps used:
D:1:      minmay_arrival_three_doors
D:2:      lemuel_upstairs_altar, okawaru_ov_weapons_minmay
D:3:      lemuel_blue_sif_altar, uniq_terence
